 Dungeon Crawl Stone Soup version 0.26-a0-613-g4f23886233 (webtiles) character file.

Game seed: 11973050662841441283

85 Mitsuki the Magician (level 4, 0/24 HPs)
             Began as a Deep Elf Fire Elementalist on Sept 11, 2020.
             Slain by Natasha (1 damage)
             ... on level 2 of the Dungeon.
             The game lasted 00:04:19 (1662 turns).

Mitsuki the Magician (Deep Elf Fire Elementalist)   Turns: 1662, Time: 00:04:20

Health: 0/24       AC:  2    Str:  6    XL:     4   Next: 25%
Magic:  2/12       EV: 13    Int: 20    God:
Gold:   60         SH:  0    Dex: 15    Spells: 10/11 levels left

rFire    . . .     SeeInvis .   i - +0 short sword
rCold    . . .     Faith    .   (no shield)
rNeg     . . .     Spirit   .   a - +0 robe
rPois    .         Reflect  .   (no helmet)
rElec    .         Harm     .   (no cloak)
rCorr    .                      (no gloves)
MR       .....                  (no boots)
Stlth    ++........             (no amulet)
HPRegen  0.08/turn              (no ring)
MPRegen  0.13/turn              (no ring)

@: no status effects
A: no striking features
a: no special abilities


You were on level 2 of the Dungeon.
You visited 1 branch of the dungeon, and saw 2 of its levels.

You collected 60 gold pieces.

Inventory:

Hand Weapons
 i - a +0 short sword (weapon)
Armour
 a - a +0 robe (worn)
Jewellery
 c - an uncursed ring of ice
Scrolls
 d - a scroll of teleportation {unknown}
 e - 3 scrolls of identify {unknown}
 h - a scroll of random uselessness {unknown}
 j - 2 scrolls of enchant armour {unknown}
Potions
 b - 2 potions of flight {unknown}
 f - a potion of brilliance {unknown}
 g - a potion of curing {unknown}
 k - a potion of mutation {unknown}
 l - a potion of invisibility {unknown}
 m - a potion of resistance {unknown}


   Skills:
 + Level 3.2 Dodging
 - Level 2.4 Stealth
 * Level 4.4 Spellcasting
 + Level 2.0 Conjurations
 * Level 4.1 Fire Magic


You had 10 spell levels left.
You knew the following spells:

 Your Spells              Type           Power        Failure   Level
a - Foxfire               Conj/Fire      ###.         3%          1

Your spell library contained the following spells:

 Spells                   Type           Power        Failure   Level
 Conjure Flame            Conj/Fire      ###.....     11%         3
 Inner Flame              Hex/Fire       ##......     16%         3
 Sticky Flame             Conj/Fire      ###.....     34%         4
 Fireball                 Conj/Fire      ###.......   67%         5


Dungeon Overview and Level Annotations

Branches:
Dungeon (2/15)

Altars:
Qazlal

Annotations:
D:2 Natasha


Message History

Natasha howls an incantation.
Natasha's front paws start to glow.
The crimson imp barely misses you.
The crimson imp blinks!
The crimson imp disappears in a puff of smoke!
The crimson imp blinks!
Natasha claws you.
* * * LOW HITPOINT WARNING * * *
You take 5 damage, and have 6/24 hp.
MASSIVE DAMAGE!!
You feel yourself speed up.
Natasha stares at you and mumbles some strange words.
The magic dart hits you.
* * * LOW HITPOINT WARNING * * *
You take 5 damage, and have 1/24 hp.
MASSIVE DAMAGE!!
Casting: Foxfire (safe; 3% risk of failure)
Confirm with . or Enter, or press ? or * to list all spells.
You conjure some foxfire!
* * * LOW MAGIC WARNING * * *
Natasha claws you.
You die...

#........#.. #..).>...#
#........# #........## .#
# #........##. ...##.####
#........##.#####........
#........##........#.###.
#........##########..###.
######.v@h...5....##.#...
##v.########...[....
#...####.§...####.#.
#......§.5..h....÷##
#..†##.....§.###...#
###..#5#########..<.
...... #...### .......#
##.###.. ....#.... #..#
#.#


You could see Natasha and a crimson imp (summoned).

Vanquished Creatures
  Natasha (D:2)
  2 adders (D:2)
  A dart slug (D:1)
  2 giant cockroaches (D:1)
  5 goblins
  3 hobgoblins
  4 jackals (D:1)
  5 bats
  6 frilled lizards
  9 kobolds (D:1)
  4 rats
42 creatures vanquished.

Vanquished Creatures (others)
  149 foxfires
149 creatures vanquished.

Grand Total: 191 creatures vanquished

Notes
Turn   | Place    | Note
-------+----------+-------------------------------------------
     0 | D:1      | Mitsuki the Deep Elf Fire Elementalist began the quest for
                  | the Orb.
     0 | D:1      | Reached XP level 1. HP: 10/10 MP: 6/6
   151 | D:1      | Reached XP level 2. HP: 15/15 MP: 0/8
   760 | D:1      | Reached XP level 3. HP: 19/19 MP: 3/10
  1410 | D:2      | Found a stormy altar of Qazlal.
  1618 | D:2      | Noticed Natasha
  1627 | D:2      | Killed Natasha
  1627 | D:2      | Reached XP level 4. HP: 15/24 MP: 3/12
  1636 | D:2      | Noticed Natasha
  1661 | D:2      | HP: 1/24 [Natasha/magic dart (6)]
  1662 | D:2      | Slain by Natasha

Illustrated notes

Levels and vault maps discovered:
D:1:      ebering_hopf_link, layout_rooms
D:2:      layout_rooms, lemuel_crystal_altar, serial_co_window_serial,
          co_window_paths_a, co_window_cross_1, co_window_paths_b,
          co_window_paths_b, co_window_cross_1, co_window_cross_2,
          co_window_unsneaky_path_e, co_window_of_opportunity_c,
          co_window_paths_c, co_window_broadway_c, co_window_corner_b,
          lemuel_tele_altar, uniq_natasha

Skill      XL: |  1  2  3 |
---------------+----------+-----
Dodging        | 3 |  3.2
Spellcasting   | 4 |  4.4
Fire Magic     | 4 |  4.1
Conjurations   | 2 |  2.0
Stealth        | |  2.4

Action                   |  1- 3 |  4- 6 || total
-------------------------+-------+-------++-------
Melee: Short sword       |    10 |       ||    10
 Cast: Foxfire           |    82 |     5 ||    87
Armor: Robe              |     4 |     1 ||     5
Dodge: Dodged            |    20 |     4 ||    24

Table legend: (Time is in decaauts)
 A = Elapsed time spent in this place.
 B = Non-inter-level travel time spent in this place.
 C = Inter-level travel time spent in this place.
 D = Time resting spent in this place.
 E = Time spent auto-exploring this place.
 F = Levels seen in this place.
 G = Mean time per level.
                   A        B        C        D        E       F      G
               +--------+--------+--------+--------+--------+-----+--------+
         Total |   1670 |   1651 |     19 |    247 |   1154 |   2 |  835.0 |
       Dungeon |   1670 |   1651 |     19 |    247 |   1154 |   2 |  835.0 |
               +--------+--------+--------+--------+--------+-----+--------+

Top non-repeatable levels by time:
     D:1: 1021 daAuts
     D:2: 649 daAuts
